 Dungeon Crawl Stone Soup version 0.29-a0-270-g1586fc07ea (webtiles) character file.

Game seed: 13671679383996353865

993 tsouns the Ruffian (level 7, -6/71 HPs)
             Began as a Troll Delver on Mar 7, 2022.
             Was an Initiate of Makhleb.
             Mangled by Duvessa
             ... wielding a +5 rapier of flaming
              (7 damage)
             ... on level 6 of the Dungeon.
             The game lasted 00:05:18 (1354 turns).

tsouns the Ruffian (Troll Delver)                   Turns: 1354, Time: 00:05:19

Health: -6/71      AC:  5    Str: 29 (30) XL:     7   Next: 98%
Magic:  16/16      EV:  9    Int:  3 (6)  God:    Makhleb [......]
Gold:   116        SH:  0    Dex:  8 (11) Spells: 6/6 levels left

rFire   . . .      SeeInvis .     - Unarmed
rCold   . . .      Faith    .   (no shield)
rNeg    . . .      Spirit   .   a - +0 robe
rPois   .          Reflect  .   (helmet restricted)
rElec   .          Harm     .   g - +0 cloak
rCorr   .          Rampage  .   (gloves unavailable)
Will    .....                   (boots unavailable)
Stlth   ++........              e - amulet "Qaveus" {Acrobat Fragile MP+9 Str+7}
HPRegen 1.01/turn               (no ring)
MPRegen 0.15/turn               (no ring)

@: no status effects
A: large, unfitting armour, claws 3, regeneration 1, shaggy fur 1, tough skin 1
a: Renounce Religion


You were on level 6 of the Dungeon.
You worshipped Makhleb.
Makhleb was noncommittal.
You visited 2 branches of the dungeon, and saw 4 of its levels.

You collected 116 gold pieces.

Inventory:

Armour
 a - a +0 robe (worn)
 g - a +0 cloak (worn)
Jewellery
 e - the amulet "Qaveus" (around neck) {Acrobat Fragile MP+9 Str+7}
   (You acquired it on level 6 of the Dungeon)

   [amulet of the acrobat]

   It increases your evasion while moving and waiting.
   Str:       It affects your strength (+7).
   MP:        It affects your magic capacity (+9).
   Fragile:   It will be destroyed if unequipped.
Wands
 f - a wand of digging (3)
Scrolls
 b - a scroll of fog
 c - 2 scrolls of magic mapping
 d - a scroll of fear
 h - a scroll of noise {unknown}
 j - 2 scrolls of identify {unknown}
 k - 3 scrolls of teleportation {unknown}


   Skills:
 + Level 4.8 Fighting
 - Level 1.5 Dodging
 - Level 2.7 Stealth
 * Level 7.4 Unarmed Combat
 + Level 2.4 Invocations


You had 6 spell levels left.
You didn't know any spells.
Your spell library was empty.

Dungeon Overview and Level Annotations

Branches:
Dungeon (6/15)             Temple (1/1) D:5

Altars:
Cheibriados
Dithmenos
Elyvilon
Fedhas
Gozag
Kikubaaqudgha
Makhleb
Okawaru
Qazlal
Sif Muna
Trog
Uskayaw
Vehumet
Xom
Yredelemnul
The Shining One

Annotations:
D:6 Dowan, Duvessa


Innate Abilities, Weirdness & Mutations

You are too large for most types of armour.
You have claws for hands.
Your natural rate of healing is unusually fast.
You are covered in fur. (AC +1)
You have tough skin. (AC +1)


Message History

Duvessa burns you.
Dowan throws and catches a handful of magical flame, then smirks.
Something hits you but does no damage. Duvessa completely misses you.
Dowan gestures wildly while chanting.
Dowan blinks!
You bump into the rock wall.
Duvessa hits you with a +5 rapier of flaming!
Duvessa burns you.
Dowan gestures wildly while chanting.
Dowan blinks!
Something hits you. Something hits you but does no damage.
Duvessa completely misses you. Dowan gestures at you while chanting.
The orc wizard is outlined in light.
The orc wizard gestures at you while chanting.
The magic dart hits you!
* * * LOW HITPOINT WARNING * * *
You feel less confused. Duvessa attacks as you move away! Duvessa misses you.
Dowan mumbles some strange words.
Dowan blinks!
Duvessa attacks as you move away!
Duvessa hits you with a +5 rapier of flaming.
* * * LOW HITPOINT WARNING * * *
Duvessa burns you.
* * * LOW HITPOINT WARNING * * *
It was a potion of degeneration.
There was something very wrong with that liquid.
You feel weakened.
You feel dopey.
You feel clumsy. Duvessa misses you.
It was a potion of heal wounds.
You feel much better.
Duvessa hits you with a +5 rapier of flaming!
* * * LOW HITPOINT WARNING * * *
Duvessa burns you.
* * * LOW HITPOINT WARNING * * *
You scratch Duvessa but do no damage.
Duvessa hits you with a +5 rapier of flaming!
* * * LOW HITPOINT WARNING * * *
Duvessa burns you!
You die...

#.#...#.#########...####...##.
#.#...#.# ##### #.. #.
#.#...#.# #. #. #.#...#.# # #(
##.#...#[####### #.
#..............# #.
#....###.#####.# #. #....# #.#
#.# #. #....# #.# #@# #.
#....# #.# #e# #.
#....###+#####o## #.
##.###..........# #. #.#
#..........# #.
#.###...../)..(# ##
#.........†....#
#####..........#
#.............


You could see Duvessa and an orc wizard (corona).

Vanquished Creatures
  A black bear (D:6)
  An orc warrior (D:6)
  2 ogres (D:6)
  2 sky beasts
  2 centaurs
  A scorpion (D:5)
  A howler monkey (D:6)
  An iguana (D:5)
  4 orc wizards
  3 gnolls (D:5)
  3 adders
  A white imp (D:6)
  An ufetubus (D:5)
  A worm (D:5)
  6 orcs
30 creatures vanquished.

Notes
Turn   | Place    | Note
-------+----------+-------------------------------------------
     0 | D:5      | tsouns the Troll Delver began the quest for the Orb.
     0 | D:5      | Reached XP level 1. HP: 22/22 MP: 0/0
    46 | D:5      | Reached XP level 2. HP: 29/29 MP: 1/1
    76 | D:5      | Found a staircase to the Ecumenical Temple.
    96 | Temple   | Entered the Ecumenical Temple
   197 | Temple   | Became a worshipper of Makhleb the Destroyer
   246 | D:5      | Found a glowing golden altar of the Shining One.
   328 | D:5      | Noticed a centaur
   338 | D:5      | Reached skill level 3 in Unarmed Combat
   339 | D:5      | Noticed a sky beast
   344 | D:5      | Reached XP level 3. HP: 16/37 MP: 2/2
   349 | D:5      | Killed a centaur
   350 | D:5      | Reached skill level 4 in Unarmed Combat
   350 | D:5      | Reached XP level 4. HP: 12/45 MP: 3/3
   409 | D:5      | Killed a sky beast
   410 | D:5      | Reached skill level 5 in Unarmed Combat
   410 | D:5      | Reached XP level 5. HP: 53/53 MP: 4/4
   607 | D:5      | Reached XP level 6. HP: 56/62 MP: 5/5
   862 | D:5      | Found a stormy altar of Qazlal.
   919 | D:6      | Noticed a sky beast
   932 | D:6      | Killed a sky beast
   933 | D:6      | Reached skill level 6 in Unarmed Combat
   999 | D:6      | Reached XP level 7. HP: 34/70 MP: 6/6
  1018 | D:6      | Identified a scroll of acquirement
  1018 | D:6      | Acquired the amulet "Qaveus" {Acrobat Fragile MP+9 Str+7}
  1030 | D:6      | Reached skill level 1 in Invocations
  1147 | D:6      | Found a blossoming altar of Fedhas.
  1171 | D:6      | Reached skill level 7 in Unarmed Combat
  1331 | D:6      | Noticed Duvessa
  1331 | D:6      | Noticed Dowan
  1354 | D:6      | HP: 1/71 [Duvessa/+5 rapier of flaming (15)]
  1354 | D:6      | Mangled by Duvessa

Illustrated notes

Levels and vault maps discovered:
D:4:      layout_basic, zin_treasury, nzn_hepliaklqana_mist_gate,
          nemelex_dance_club_becter
D:5:      layout_loops_ring, nicolae_tso_carved_into_rock,
          nicolae_qazlal_eye_of_the_storm, minmay_temple_entry_hall
D:6:      layout_basic, old_standard_altar, uniq_duvessa
Temple:   dshaligram_water_room_temple

Skill      XL: |  1  2  3  4  5  6  7 |
---------------+----------------------+-----
Unarmed Combat | 3 4 5 6 7 |  7.4
Fighting       | 3 4 |  4.8
Invocations    | 2 |  2.4
Dodging        | |  1.5
Stealth        | |  2.7

Action                   |  1- 3 |  4- 6 |  7- 9 || total
-------------------------+-------+-------+-------++-------
Melee: Unarmed           |    27 |    43 |    30 ||   100
       Punch             |     1 |     1 |     1 ||     3
  Use: Potion            |       |     2 |     4 ||     6
       Scroll            |       |     1 |     1 ||     2
 Stab: Sleeping          |     2 |       |       ||     2
Armor: Robe              |    10 |     7 |    16 ||    33
Dodge: Dodged            |    13 |    12 |    17 ||    42

Table legend: (Time is in decaauts)
 A = Elapsed time spent in this place.
 B = Non-inter-level travel time spent in this place.
 C = Inter-level travel time spent in this place.
 D = Time resting spent in this place.
 E = Time spent auto-exploring this place.
 F = Levels seen in this place.
 G = Mean time per level.
                   A        B        C        D        E       F      G
               +--------+--------+--------+--------+--------+-----+--------+
         Total |   1306 |   1259 |     47 |     14 |    927 |   4 |  326.5 |
       Dungeon |   1192 |   1157 |     35 |     14 |    871 |   3 |  397.3 |
        Temple |    114 |    102 |     12 |      0 |     56 |   1 |  114.0 |
               +--------+--------+--------+--------+--------+-----+--------+

Top non-repeatable levels by time:
     D:5: 754 daAuts
     D:6: 421 daAuts
  Temple: 114 daAuts
     D:4: 15 daAuts
